 Dungeon Crawl Stone Soup version 0.30-a0-540-g0af01429fa (webtiles) character file.

Game seed: 11947869009072980245

208 Jase the Vexing (level 6, -14/43 HPs)
             Began as a Formicid Hexslinger on Dec 26, 2022.
             Demolished by an ogre
             ... wielding a +0 giant club
              (17 damage)
             ... on level 4 of the Dungeon.
             The game lasted 00:07:45 (2392 turns).

Jase the Vexing (Formicid Hexslinger)               Turns: 2392, Time: 00:07:46

Health: -14/43     AC:  5    Str: 20    XL:     6   Next: 11%
Magic:  7/7        EV: 12    Int: 13    God:
Gold:   151        SH:  0    Dex: 16    Spells: 6/7 levels left

rFire   . . .      SeeInvis +    a - +1 sling
rCold   . . .      Faith    .    (no shield)
rNeg    . . .      Spirit   .    h - +1 leather armour {rPois}
rPois   +          Reflect  .    (helmet unavailable)
rElec   .          Harm     .    (no cloak)
rCorr   .          Rampage  .    (no gloves)
Will    .....                    l - +0 pair of boots
Stlth   +                        (no amulet)
HPRegen 0.27/turn                m - +6 ring of strength
MPRegen 0.10/turn                (no ring)

@: no status effects
A: permanent stasis, dig shafts and tunnels, antennae 3, four strong arms
a: Dig, Shaft Self


You were on level 4 of the Dungeon.
You visited 1 branch of the dungeon, and saw 4 of its levels.

You collected 173 gold pieces.
You spent 22 gold pieces at shops.

Inventory:

Hand Weapons
 a - a +1 sling (weapon)
 b - a +0 dagger
Armour
 h - a +1 leather armour of poison resistance (worn)
 l - a +0 pair of boots (worn)
 q - a scarf of shadows
Jewellery
 m - a +6 ring of strength (left hand)
Scrolls
 d - 3 scrolls of immolation {unknown}
 i - a scroll of amnesia {unknown}
 k - 4 scrolls of teleportation {unknown}
 p - 3 scrolls of vulnerability {unknown}
 r - a scroll of fear {unknown}
Potions
 c - 2 potions of curing
 e - a potion of flight
 f - a potion of heal wounds {unknown}
 g - a potion of attraction
 j - a potion of cancellation
 n - 2 potions of brilliance
 o - a potion of mutation {unknown}
 s - 2 potions of magic {unknown}


   Skills:
 - Level 1.1 Fighting
 * Level 4.5 Ranged Weapons
 - Level 2.0 Armour
 - Level 2.0 Dodging
 - Level 1.1 Spellcasting
 + Level 5.0 Hexes


You had 6 spell levels left.
You knew the following spells:

 Your Spells              Type           Power      Damage    Failure   Level
a - Slow                  Hex            52%        N/A       4%          1

Your spell library contained the following spells:

 Spells                   Type           Power      Damage    Failure   Level
 Confusing Touch          Hex            13%        N/A       12%         3
 Sting                    Tmut/Pois      0%         1d3       32%         1
 Inner Flame              Hex/Fire       7%         N/A       34%         3
 Portal Projectile        Hex/Tloc       14%        N/A       34%         3
 Cause Fear               Hex            6%         N/A       38%         4
 Poisonous Vapours        Pois/Air       0%         N/A       43%         2
 Call Canine Familiar     Summ           0%         N/A       67%         3
 Vampiric Draining        Necr           0%         2d6       67%         3
 Leda's Liquefaction      Hex/Erth       3%         N/A       75%         4
 Olgreb's Toxic Radiance  Pois           0%         N/A       97%         4


Dungeon Overview and Level Annotations

Branches:
Dungeon (4/15)
 Temple: D:4-7

Altars:
Vehumet

Shops:
D:1 [   D:2 *   D:3 ([*=


Innate Abilities, Weirdness & Mutations

You cannot be hasted, slowed, berserked, paralysed or teleported.
You can dig through walls and to a lower floor.
You have a pair of large antennae on your head. (SInv)
Your four strong arms can wield two-handed weapons with a shield.


Message History

Your Hexes skill increases to level 5!
You shoot a sling bullet. The sling bullet hits the adder!
The adder is severely wounded.
The adder bites you.
You shoot a sling bullet. The sling bullet hits the adder.
You kill the adder!
A kobold comes into view. It is wielding a +0 short sword.
You shoot a sling bullet. The kobold shouts!
The sling bullet hits the kobold.
The kobold is severely wounded.
The kobold barely misses you.
You shoot a sling bullet.
The sling bullet barely misses the kobold.
The kobold hits you but does no damage.
You shoot a sling bullet. The sling bullet hits the kobold.
You kill the kobold!
An ogre comes into view. It is wielding a +0 giant club.
The ogre barely misses you.
You shoot a sling bullet. The sling bullet hits the ogre.
The ogre is lightly wounded.
You shoot a sling bullet. The sling bullet hits the ogre.
The ogre is lightly wounded.
The ogre hits you with a +0 giant club!!
Ouch! That really hurt!
* * * LOW HITPOINT WARNING * * *
Okay, then.
Okay, then.
You aren't carrying any items that you can evoke.
Unknown command.
Unknown command.
Okay, then.
Okay, then.
Fire: a) +1 sling
Press: ? - help, Q - select action, (/) - cycle Shift-Dir - straight line, f/p - ogre
Aim: an ogre, wielding a +0 giant club (lightly wounded, 75% to hit)
You shoot a sling bullet. The sling bullet hits the ogre.
The ogre is moderately wounded.
The ogre hits you with a +0 giant club!
You die...

......#####.....##
......# ##....##{
......# ##....#
......# ##..##
......# #..##
......# #...# ##
.....## #..## .#
.....# #..## #.
.....# ##..@##.#
....## #....O#{#
....# #......#
....# #......#
...## #......#
...# #......# ..##
#.....## ###
#...... #......


You could see an ogre.

Vanquished Creatures
  A howler monkey (D:4)
  A hound (D:4)
  3 gnolls (D:2)
  3 adders
  An ufetubus (D:4)
  2 worms
  3 dart slugs
  2 orcs (D:4)
  7 endoplasms
  5 giant cockroaches
  8 goblins
  6 hobgoblins
  2 jackals (D:4)
  2 quokkas
  3 ball pythons
  8 bats
  A frilled lizard (D:3)
  5 kobolds
  4 rats (D:1)
67 creatures vanquished.

Vanquished Creatures (others)
  9 plants (D:3)
9 creatures vanquished.

Grand Total: 76 creatures vanquished

Notes
Turn   | Place    | Note
-------+----------+-------------------------------------------
     0 | D:1      | Jase the Formicid Hexslinger began the quest for the Orb.
     0 | D:1      | Reached XP level 1. HP: 15/15 MP: 2/2
   144 | D:1      | Found Feugg's Antique Armour Shop.
   207 | D:1      | Reached XP level 2. HP: 21/21 MP: 3/3
   535 | D:1      | Reached skill level 4 in Hexes
   535 | D:1      | Reached XP level 3. HP: 26/26 MP: 4/4
   935 | D:2      | Found Putofe's General Store.
   943 | D:2      | Bought a scroll of identify for 22 gold pieces
  1051 | D:2      | Reached skill level 1 in Armour
  1057 | D:2      | Reached XP level 4. HP: 30/32 MP: 5/5
  1103 | D:2      | You fall into a shaft and drop 1 floor!
  1270 | D:2      | Found a radiant altar of Vehumet.
  1513 | D:3      | Found Myllann's Assorted Antiques.
  1594 | D:3      | Found Ukirghufi's Antique Weapon Emporium.
  1644 | D:3      | Found Ideps's Antique Armour Emporium.
  1828 | D:3      | Found Myupt's Jewellery Emporium.
  1982 | D:4      | Reached XP level 5. HP: 37/37 MP: 6/6
  2379 | D:4      | Reached XP level 6. HP: 30/43 MP: 7/7
  2383 | D:4      | Reached skill level 5 in Hexes
  2387 | D:4      | Noticed an ogre
  2389 | D:4      | HP: 2/43 [ogre/+0 giant club (27)]
  2392 | D:4      | Demolished by an ogre

Illustrated notes

Levels and vault maps discovered:
D:1:      lightli_arrival_farm, layout_loops_ring, serial_shops,
          nicolae_shop_competitors_out_of_business, minmay_misc_feat_roman,
          serial_bayou_pond_e, minmay_hexomino_c4
D:2:      layout_basic, serial_shops, shop, basic_altar
D:3:      layout_loops_ring, serial_shops, nicolae_shop_overgrown_old_shop,
          shop_statue, shop_coins, nicolae_shop_behind_doors,
          serial_bayou_pond_c
D:4:      layout_cave_pods, minmay_manual_macuahuitl

Skill      XL: |  1  2  3  4  5  6 |
---------------+-------------------+-----
Dodging        | 2 |  2.0
Hexes          | 4 5 |  5.0
Ranged Weapons | 3 4 |  4.5
Armour         | 1 2 |  2.0
Fighting       | |  1.1
Spellcasting   | |  1.1

Action                   |  1- 3 |  4- 6 || total
-------------------------+-------+-------++-------
 Fire: Sling             |   100 |   155 ||   255
 Cast: Slow              |       |     1 ||     1
  Use: Scroll            |     2 |     6 ||     8
Armor: Leather armour    |    18 |    19 ||    37
       Robe              |     2 |       ||     2
Dodge: Dodged            |    36 |    48 ||    84

Table legend: (Time is in decaauts)
 A = Elapsed time spent in this place.
 B = Non-inter-level travel time spent in this place.
 C = Inter-level travel time spent in this place.
 D = Time resting spent in this place.
 E = Time spent auto-exploring this place.
 F = Levels seen in this place.
 G = Mean time per level.
                   A        B        C        D        E       F      G
               +--------+--------+--------+--------+--------+-----+--------+
         Total |   2486 |   2423 |     63 |    102 |   1726 |   4 |  621.5 |
       Dungeon |   2486 |   2423 |     63 |    102 |   1726 |   4 |  621.5 |
               +--------+--------+--------+--------+--------+-----+--------+

Top non-repeatable levels by time:
     D:1: 888 daAuts
     D:3: 605 daAuts
     D:2: 535 daAuts
     D:4: 457 daAuts
